 Dungeon Crawl Stone Soup version 0.24.0-123-gd5b16e6ec5 (webtiles) character file.

Game seed: 18219569076328772741, levelgen mode: deterministic

296 Johnny the Slasher (level 5, 0/61 HPs)
             Began as a Demigod Gladiator on Jan 20, 2020.
             Killed by divine providence
             ... invoked by an orc priest
              (12 damage)
             ... on level 4 of the Dungeon.
             The game lasted 00:03:24 (3778 turns).

Johnny the Slasher (Demigod Gladiator)              Turns: 3778, Time: 00:03:26

Health: 0/61       AC: 22    Str: 16 (19) XL:     5   Next: 87%
Magic:  7/7        EV:  2    Int: 14 (17) God:
Gold:   81         SH:  0    Dex: 14 (17) Spells: 4/4 levels left

rFire    . . .     SeeInvis .   a - +0 long sword
rCold    . . .     Gourm    .   (no shield)
rNeg     + + +     Faith    .   (armour currently unavailable)
rPois    +         Spirit   .   (helmet currently unavailable)
rElec    .         Reflect  .   (cloak currently unavailable)
rCorr    .         Harm     .   (gloves currently unavailable)
MR       .....     NoTele   +   (boots currently unavailable)
Stlth    +.........             (no amulet)
HPRegen  0.20/turn              (no ring)
MPRegen  0.10/turn              (no ring)

@: brilliant, tree-form
A: high mp 1
a: no special abilities


You were on level 4 of the Dungeon.
You were not hungry.
You were a tree.
You visited 1 branch of the dungeon, and saw 4 of its levels.

You collected 81 gold pieces.

Inventory:

Hand Weapons
 a - a +0 long sword (weapon)
Armour
 c - a +0 helmet (melded)
 g - a +0 ring mail (melded)
Jewellery
 d - a +4 amulet of reflection {unknown}
 l - an uncursed ring of protection from cold {unknown}
 p - a +2 ring of strength {unknown}
Scrolls
 e - 4 scrolls of remove curse {unknown}
 n - 2 scrolls of amnesia {unknown}
Potions
 h - 2 potions of curing
Comestibles
 f - 5 rations
 q - 3 chunks of flesh


   Skills:
 - Level 1.7 Fighting
 * Level 6.3 Long Blades
 - Level 1.7 Throwing
 - Level 2.6 Dodging


You had 4 spell levels left.
You didn't know any spells.
Your spell library was empty.

Dungeon Overview and Level Annotations

Branches:
Dungeon (4/15)             Temple (0/1) D:4


Innate Abilities, Weirdness & Mutations

You have an increased reservoir of magic. (+10% MP)


Message History

The weapon returns to the orc!
The orc wizard casts a spell.
The orc wizard blinks!
Something hits you but does no damage.
Okay, then.
Something hits you but does no damage.
The orc throws a boomerang.
The boomerang hits you but does no damage.
The weapon returns to the orc!
An orc comes into view. It is wielding a -1 club.
Something hits you but does no damage.
You hear some strange, mumbled words.
A puff of frost appears from out of thin air!
The puff of frost hits you!
* * * LOW HITPOINT WARNING * * *
You feel better. Something hits you but does no damage.
The orc throws a boomerang.
The boomerang hits you but does no damage.
The weapon returns to the orc!
The orc priest mumbles some strange prayers to Beogh against you.
Beogh smites you!
You die...

*,.................#
#.###.
*,.............#####
#..##.
*,.............#
###.....
*,.............#
#.......
*,.............#
#.##..##
*,....[........#
#.###.##
*,,.........(..#
#..)#..#
*,,............#
###.##.#
***########♣####
#..... #†### ####..
#oo.# ##. ###.# #.
******#o#****** #.
#.......o.....# #.
#.............# ##
#...(.........# *
#.............# *


You could see an orc priest and 3 orcs.

Vanquished Creatures
  A hound (D:4)
  2 worker ants (D:4)
  2 orc wizards (D:4)
  A hound skeleton (D:4)
  3 gnolls (D:3)
  4 adders
  An adder skeleton (D:4)
  4 worms (D:2)
  3 dart slugs
  2 leopard geckos
  5 orcs (D:4)
  3 ball pythons
  6 bats
  A giant cockroach (D:1)
  7 goblins
  6 hobgoblins
  2 jackals (D:2)
  2 quokkas
  A frilled lizard (D:2)
  A giant cockroach zombie (D:3)
  5 kobolds
  4 rats
66 creatures vanquished.

Notes
Turn   | Place    | Note
-------+----------+-------------------------------------------
     0 | D:1      | Johnny the Demigod Gladiator began the quest for the Orb.
     0 | D:1      | Reached XP level 1. HP: 17/17 MP: 3/3
   208 | D:1      | Reached skill level 3 in Long Blades
   360 | D:1      | Reached XP level 2. HP: 24/24 MP: 4/4
   850 | D:2      | Reached XP level 3. HP: 25/29 MP: 5/5
   879 | D:2      | Found a faded altar of an unknown god.
   882 | D:2      | Reached skill level 4 in Long Blades
   938 | D:2      | Found an opulent altar of Gozag.
   949 | D:2      | Found a white marble altar of Elyvilon.
  2035 | D:2      | Found a hide-covered altar of Uskayaw.
  2149 | D:3      | Found a hazy altar of Hepliaklqana.
  2263 | D:3      | Reached XP level 4. HP: 36/36 MP: 6/6
  2554 | D:3      | Reached skill level 5 in Long Blades
  3478 | D:4      | Reached XP level 5. HP: 41/41 MP: 7/7
  3561 | D:4      | Reached skill level 6 in Long Blades
  3778 | D:4      | Killed from afar by an orc priest

Levels and vault maps discovered:
D:1:      evilmike_arrival_rings, layout_basic, minivault_14
D:2:      layout_basic, nicolae_overflow_hidden_temple, first_ration,
          chequers_ecumenical_altar_twisty, chequers_serial_rivers_micro_e
D:3:      layout_loops_corners, lemuel_altar_in_water
D:4:      layout_basic, minmay_temple_entry_large_hall, corexii_shack, uniq_ijyb

Skill      XL: |  1  2  3  4  5 |
---------------+----------------+-----
Long Blades    | 3 4 5 6 |  6.3
Fighting       | |  1.7
Throwing       | |  1.7
Dodging        | |  2.6

Action                   |  1- 3 |  4- 6 || total
-------------------------+-------+-------++-------
Melee: Long sword        |   137 |    69 ||   206
Throw: Throwing net      |       |     3 ||     3
  Use: Potion            |       |     5 ||     5
       Scroll            |       |     3 ||     3
 Stab: Held in net/web   |       |     2 ||     2
       Fleeing           |       |     1 ||     1
  Eat: Chunk             |     4 |     2 ||     6
       Ration            |       |     1 ||     1
Armor: Ring mail         |    44 |    16 ||    60
       Leather armour    |     5 |       ||     5
       Skin              |       |    23 ||    23
Dodge: Dodged            |   112 |    55 ||   167
       Rpst.: Long sword |    41 |    13 ||    54
